 Dungeon Crawl Stone Soup version 0.27.1-15-g792fb953b9 (webtiles) character file.

Game seed: 7822242773326137800

177 bearlyready the Sneak (level 5, -2/41 HPs)
             Began as a Formicid Delver on Nov 19, 2021.
             Was an Initiate of Ashenzari.
             Slain by a gnoll (6 damage)
             ... on level 5 of the Dungeon.
             The game lasted 00:09:48 (4415 turns).

bearlyready the Sneak (Formicid Delver)             Turns: 4415, Time: 00:09:49

Health: -2/41      AC:  5    Str: 18    XL:     5   Next: 87%
Magic:  5/5        EV: 11    Int: 15    God:    Ashenzari [......]
Gold:   164        SH:  5    Dex: 12    Spells: 4/4 levels left

rFire    . . .     SeeInvis +   a - +0 hand axe
rCold    . . .     Faith    .   (no shield)
rNeg     . . .     Spirit   .   q - +0 ring mail
rPois    .         Reflect  +   (helmet unavailable)
rElec    .         Harm     .   (no cloak)
rCorr    .         Rampage  .   (no gloves)
Will     .....                  (no boots)
Stlth    ++........             k - amulet of reflection
HPRegen  0.13/turn              h - ring "Manifest Failure" {Int+6, Range, Elem} (curse)
MPRegen  0.09/turn              (no ring)

@: no status effects
A: permanent stasis, dig shafts and tunnels, antennae 3, four strong arms
a: Dig, Shaft Self, Renounce Religion, Shatter the Chains


You were on level 5 of the Dungeon.
You worshipped Ashenzari.
Ashenzari was noncommittal.
You visited 1 branch of the dungeon, and saw 5 of its levels.

You collected 164 gold pieces.

Inventory:

Hand Weapons
 a - a +0 hand axe (weapon)
Missiles
 l - 215 stones
 o - 8 javelins (quivered)
Armour
 b - a +0 leather armour
 q - a +0 ring mail (worn)
Jewellery
 h - the cursed ring "Manifest Failure" (left hand) {Int+6, Range, Elem}
   (You found it on level 3 of the Dungeon)

   [ring of intelligence]

   Int:       It affects your intelligence (+6).
   It has a curse which improves the following skills: Ranged Combat: Slings,
   Bows, Crossbows and Throwing.
   Elements:  Fire Magic, Ice Magic, Air Magic and Earth Magic.
 k - an amulet of reflection (around neck)
 p - an amulet of regeneration
Wands
 f - a wand of digging (3)
Scrolls
 c - 2 scrolls of fog
 d - a scroll of magic mapping
 g - a scroll of enchant weapon
 i - a scroll of brand weapon
 j - 3 scrolls of teleportation
Potions
 e - a potion of curing
 n - a potion of flight


   Skills:
 - Level 3.5 Fighting
 + Level 5.2 Axes
 - Level 2.0 Dodging
 - Level 6.2 Stealth


You had 4 spell levels left.
You didn't know any spells.
Your spell library was empty.

Dungeon Overview and Level Annotations

Branches:
Dungeon (5/15)             Temple (0/1) D:4

Altars:
Ashenzari
Qazlal

Shops:
D:1 *   D:2 (

Annotations:
D:4 Edmund


Innate Abilities, Weirdness & Mutations

You cannot be hasted, slowed, berserked, paralysed or teleported.
You can dig through walls and to a lower floor.
You have a pair of large antennae on your head. (SInv)
Your four strong arms can wield two-handed weapons with a shield.


Message History

You feel sick.
You feel sick.
You feel sick.
You see here 2 javelins.
You slash the adder skeleton!
The adder skeleton is heavily damaged.
You feel sick. The adder skeleton misses you.
You feel sick.
You extend your mandibles.
You dig through the rock wall.
You feel sick.
You are no longer poisoned.
You dig through the rock wall.
The iguana bites you.
You retract your mandibles.
You slash the iguana!
The iguana is severely wounded.
The iguana closely misses you.
You extend your mandibles.
You dig through the rock wall.
You dig through the rock wall.
You dig through the rock wall.
You dig through the rock wall.
The iguana bites you!
* * * LOW HITPOINT WARNING * * *
You dig through the rock wall.
You retract your mandibles.
You slash the iguana!
You kill the iguana!
Are you sure you want to shaft yourself?
The kobold closely misses you.
You begin to dig a shaft.
You continue digging a shaft.
You block the kobold's attack. A shaft appears beneath you!
You fall into a shaft and drop 1 floor!
The shaft crumbles and collapses.
The gnoll shouts! x3
The gnoll hits you with a +0 flail.
* * * LOW HITPOINT WARNING * * *
Found a +0 leather armour.
Found an escape hatch in the ceiling.
The gnoll shouts!
The gnoll barely misses you.
As you read the scroll of summoning, it crumbles to dust.
Wisps of shadow whirl around you... The gnoll hits you with a +0 flail.
You die...

##+##
##...##
##.....##
#...g.g.##
#....ggg@.#
+..<..g.h.+
#......g.S#
##.g.....##
##.....##
##...##
##+#


You could see 4 gnolls, a friendly gnoll shaman (summoned), a friendly howler
monkey (summoned), 3 friendly gnolls and a friendly adder (summoned).

Vanquished Creatures
  Jessica (D:3)
  An iguana (D:4)
  A hound skeleton (D:4)
  Robin (D:3)
  2 adders
  A worm (D:3)
  2 dart slugs (D:1)
  3 orcs (D:3)
  6 bats
  8 endoplasms
  4 giant cockroaches
  15 goblins
  6 hobgoblins
  11 ball pythons
  A kobold (D:3)
  6 rats
69 creatures vanquished.

Vanquished Creatures (others)
  3 plants (D:4)
3 creatures vanquished.

Grand Total: 72 creatures vanquished

Notes
Turn   | Place    | Note
-------+----------+-------------------------------------------
     0 | D:5      | bearlyready the Formicid Delver began the quest for the
                  | Orb.
     0 | D:5      | Reached XP level 1. HP: 18/18 MP: 1/1
    76 | D:4      | Reached XP level 2. HP: 22/24 MP: 2/2
   291 | D:4      | Found a broken altar of Ashenzari.
   295 | D:4      | Became a worshipper of Ashenzari the Shackled
   303 | D:4      | Found a staircase to the Ecumenical Temple.
   367 | D:4      | Reached XP level 3. HP: 29/29 MP: 3/3
   496 | D:3      | Noticed Robin
   532 | D:2      | Found Zegycva's Antique Weapon Boutique.
   999 | D:1      | Found Ebijuov's Assorted Antiques.
  1195 | D:1      | Found a faded altar of an unknown god.
  1267 | D:1      | Reached XP level 4. HP: 35/35 MP: 4/4
  2706 | D:3      | Killed Robin
  2707 | D:3      | Reached XP level 5. HP: 34/41 MP: 5/5
  3413 | D:3      | Noticed Jessica
  3422 | D:3      | Killed Jessica
  3423 | D:3      | Reached skill level 5 in Axes
  3681 | D:4      | Noticed an ogre
  3682 | D:4      | Noticed Edmund
  4394 | D:4      | Found a stormy altar of Qazlal.
  4412 | D:4      | You fall into a shaft and drop 1 floor!
  4415 | D:5      | Slain by a gnoll

Illustrated notes

Levels and vault maps discovered:
D:1:      minmay_arrival_shattered_statue, layout_loops_ring, serial_shops,
          nicolae_shop_statue_plus, basic_ecumenical_altar,
          chequers_serial_rivers_small_a
D:2:      layout_loops_corners, serial_shops, nicolae_shop_crystal,
          minmay_cupped
D:3:      layout_basic, kennysheep_decorative_pillar, uniq_jessica, uniq_robin
D:4:      layout_cave_pools, mainiacjoe_overflow_large_starburst,
          minmay_temple_entry_gardened_gates, uniq_edmund
D:5:      layout_loops_corners, serial_shops, nicolae_shop_waterfront,
          gammafunk_ghost_icy

Skill      XL: |  1  2  3  4  5 |
---------------+----------------+-----
Dodging        | 2 |  2.0
Axes           | 3 4 5 |  5.2
Fighting       | |  3.5
Stealth        | |  6.2

Action                   |  1- 3 |  4- 6 || total
-------------------------+-------+-------++-------
Melee: Hand axe          |    65 |   150 ||   215
Throw: Javelin           |       |     4 ||     4
Invok: Curse Item        |       |     1 ||     1
 Abil: Dig               |     2 |     2 ||     4
       Shaft Self        |       |     1 ||     1
  Use: Scroll            |       |     2 ||     2
       Potion            |       |     1 ||     1
 Stab: Sleeping          |     8 |     5 ||    13
Armor: Leather armour    |    16 |    35 ||    51
       Ring mail         |       |     1 ||     1
Dodge: Dodged            |    46 |    89 ||   135
Block: Other             |    10 |    39 ||    49
